AoeStats
← †oTTo†

Arabia

507263068Analyzed
4v4 RM · 16d ago on Sep 17, 2026· 48m 39s· 8 players
Game mode
Random Map
Map size
Large (8 player)
Population
200
Speed
Normal
Resources
Standard
Victory
Conquest
Starting age
Dark Age
Ending age
Imperial Age
RankedLock teamsTeams togetherTeam positionsShared explorationLock speedFull tech treeHidden civsTurbo modeCheats
Victory
Defeat
🇨🇳 Goths · China
971
+15
🇹🇷 Armenians · Türkiye
928
+17
🇹🇼 Franks · Taiwan
922
+17
🇨🇳 Teutons · China
909
+17
🇨🇱 Shu · Chile
971
-17
🇦🇷 Bulgarians · Argentina
946
-17
🇪🇸 Spanish · Spain
944
-17
🇵🇬 Cumans · Papua New Guinea
908
-15
Facuxx26
0:29 Loom
13:54 Feudal Age
15:22 Wheelbarrow
18:32 Stone Mining
20:25 Bloodlines
25:59 Castle Age
23:57 Double-Bit Axe
25:29 Horse Collar
31:12 Heavy Plow
32:57 Gold Mining
33:27 Bow Saw
39:54 Hand Cart
42:41 Forging
42:37 Scale Barding Armor
43:44 Iron Casting
45:54 Imperial Age
45:14 Husbandry
46:40 Chain Barding Armor
46:30 Elite Konnik
Chico_Migraña
7:33 Loom
9:44 Feudal Age
14:41 Castle Age
15:13 Double-Bit Axe
16:20 Wheelbarrow
16:45 Bow Saw
19:33 Horse Collar
20:07 Husbandry
24:02 Ballistics
25:39 Hand Cart
27:06 Gold Mining
28:30 Scale Barding Armor
28:16 Fletching
29:00 Town Watch
29:49 Town Patrol
30:08 Heavy Plow
33:17 Gold Shaft Mining
33:28 Bodkin Arrow
36:11 Chain Barding Armor
36:02 Forging
40:28 Fortified Wall
40:16 Murder Holes
43:08 Stone Mining
44:22 Scale Mail Armor
†oTTo†
0:35 Loom
10:38 Feudal Age
11:19 Double-Bit Axe
13:39 Wheelbarrow
12:47 Horse Collar
15:07 Gold Mining
21:27 Castle Age
20:24 Stone Mining
20:52 Scale Barding Armor
21:48 Pikeman
22:43 Heavy Plow
25:14 Squires
26:29 Hand Cart
27:33 Fletching
28:49 Bodkin Arrow
30:55 Bow Saw
35:10 Imperial Age
33:03 Murder Holes
35:43 Scale Mail Armor
35:20 Halberdier
37:48 Chemistry
Tedex
11:52 Feudal Age
13:53 Fletching
20:18 Castle Age
19:45 Bloodlines
19:43 Padded Archer Armor
20:32 Gold Mining
20:29 Double-Bit Axe
20:27 Horse Collar
20:48 Stone Mining
30:14 Pikeman
32:27 Ballistics
33:37 Bodkin Arrow
41:19 Wheelbarrow
43:43 Imperial Age
43:02 Leather Archer Armor
42:58 Scale Barding Armor
43:04 Forging
44:13 Cavalier
45:32 Iron Casting
45:18 Chain Barding Armor
47:18 Plate Barding Armor
47:43 Blast Furnace
:D:D:D:D
0:40 Loom
11:28 Feudal Age
11:56 Double-Bit Axe
17:57 Castle Age
17:58 Gold Mining
18:31 Stone Mining
25:06 Bow Saw
25:36 Wheelbarrow
26:46 Gold Shaft Mining
30:43 Imperial Age
30:43 Forging
32:03 Iron Casting
30:51 Cavalier
31:44 Husbandry
35:28 Blast Furnace
35:18 Scale Barding Armor
35:36 Conscription
36:59 Chivalry
38:04 Hand Cart
38:29 Chain Barding Armor
40:41 Plate Barding Armor
40:37 Paladin
41:37 Fletching
44:16 Bodkin Arrow
44:49 Siege Engineers
khameskhalid
3:00 Loom
12:05 Feudal Age
12:43 Double-Bit Axe
13:38 Wheelbarrow
15:09 Pikeman
18:47 Man-at-Arms
19:22 Long Swordsman
23:25 Castle Age
21:34 Arson
21:52 Scale Mail Armor
22:27 Forging
22:46 Fletching
22:58 Padded Archer Armor
24:46 Squires
24:38 Elite Skirmisher
25:01 Halberdier
26:26 Bodkin Arrow
26:47 Chain Mail Armor
27:53 Hand Cart
28:12 Bow Saw
27:45 Horse Collar
32:17 Leather Archer Armor
31:56 Two-Handed Swordsman
32:22 Gambesons
34:37 Iron Casting
39:58 Imperial Age
40:50 Ballistics
40:42 Masonry
41:28 Champion
44:36 Chemistry
43:49 Fereters
44:07 Conscription
44:31 Plate Mail Armor
45:03 Blast Furnace
46:28 Bracer
微氓
11:01 Feudal Age
15:38 Castle Age
15:52 Double-Bit Axe
16:32 Horse Collar
19:52 Loom
22:21 Wheelbarrow
22:04 Heavy Plow
22:00 Gold Mining
28:22 Imperial Age
25:49 Stone Mining
28:24 Forging
28:15 Scale Mail Armor
28:49 Squires
30:34 Iron Casting
30:14 Chain Mail Armor
30:16 Anarchy
30:17 Perfusion
30:38 Conscription
30:38 Elite Huskarl
33:51 Blast Furnace
43:19 Pikeman
46:57 Halberdier
47:17 Halberdier
BOX SIX
6:30 Loom
11:31 Feudal Age
11:54 Man-at-Arms
17:08 Horse Collar
17:15 Double-Bit Axe
23:37 Castle Age
22:14 Wheelbarrow
21:30 Town Watch
Connection lost

Rejoining the realm…

Still unreachable

The connection could not be restored.

Session expired

The server has moved on; the page needs a fresh start.